 Dungeon Crawl Stone Soup version 0.28-a0-1130-gc51a68064b (webtiles) character file.

Game seed: 12696305493407071921

1 vurker the Gusty (level 1, 0/14 HPs)
             Began as a Demigod Air Elementalist on Dec 12, 2021.
             Slain by a giant cockroach (1 damage)
             ... on level 1 of the Dungeon.
             The game lasted 00:00:18 (34 turns).

vurker the Gusty (Demigod Air Elementalist)           Turns: 34, Time: 00:00:18

Health: 0/14       AC:  2    Str:  9    XL:     1   Next: 13%
Magic:  0/5        EV: 12    Int: 17    God:
Gold:   0          SH:  0    Dex: 14    Spells: 2/3 levels left

rFire   . . .      SeeInvis .   (no weapon)
rCold   . . .      Faith    .   (no shield)
rNeg    . . .      Spirit   .   a - +0 robe
rPois   .          Reflect  .   (no helmet)
rElec   .          Harm     .   (no cloak)
rCorr   .          Rampage  .   (no gloves)
Will    .....                   (no boots)
Stlth   ++........              (no amulet)
HPRegen 0.04/turn               (no ring)
MPRegen 0.09/turn               (no ring)

@: very slightly contaminated
A: high mp 1, forlorn, divine attributes
a: no special abilities


You were on level 1 of the Dungeon.
You visited 1 branch of the dungeon, and saw 1 of its levels.

Inventory:

Armour
 a - a +0 robe (worn)


   Skills:
 + Level 0.0 Fighting
 - Level 1.7 Dodging
 - Level 1.7 Stealth
 * Level 1.8 Spellcasting
 + Level 0.9 Conjurations
 * Level 2.7 Air Magic


You had 2 spell levels left.
You knew the following spells:

 Your Spells              Type           Power      Damage    Failure   Level
a - Shock                 Conj/Air       28%        1d4       10%         1

Your spell library contained the following spells:

 Spells                   Type           Power      Damage    Failure   Level
 Static Discharge         Conj/Air       7%         N/A       14%         2
 Swiftness                Air            10%        N/A       19%         3
 Airstrike                Air            5%         N/A       54%         4


Dungeon Overview and Level Annotations

Branches:
Dungeon (1/15)


Innate Abilities, Weirdness & Mutations

You have an increased reservoir of magic. (+10% MP)
You shall have no god before yourself.
Your divine heritage dramatically boosts your attributes as you level up.


Message History

The giant cockroach bites you.
You hit the giant cockroach but do no damage.
The giant cockroach closely misses you.
You hit the giant cockroach but do no damage.
The giant cockroach bites you.
You hit the giant cockroach but do no damage.
The giant cockroach bites you.
The giant cockroach completely misses you.
You hit the giant cockroach.
The giant cockroach bites you but does no damage.
You hit the giant cockroach but do no damage.
The giant cockroach bites you.
You closely miss the giant cockroach. The giant cockroach closely misses you.
You hit the giant cockroach but do no damage.
The giant cockroach closely misses you.
You hit the giant cockroach but do no damage.
The giant cockroach bites you. x2
* * * LOW HITPOINT WARNING * * *
Aim: a giant cockroach (heavily wounded, 68% to hit)
The zap misses the giant cockroach.
The giant cockroach bites you.
* * * LOW HITPOINT WARNING * * *
You are too injured to fight recklessly!
You completely miss the giant cockroach.
The giant cockroach bites you.
* * * LOW HITPOINT WARNING * * *
You hit the giant cockroach. The giant cockroach bites you.
* * * LOW HITPOINT WARNING * * *
You hit the giant cockroach but do no damage.
The giant cockroach barely misses you.
You hit the giant cockroach but do no damage.
The giant cockroach misses you. The giant cockroach bites you.
* * * LOW HITPOINT WARNING * * *
You hit the giant cockroach. The giant cockroach closely misses you.
Aim: a giant cockroach (severely wounded, 68% to hit)
You miscast Shock.
You are very lightly contaminated with residual magic.
Nothing appears to happen.
The giant cockroach closely misses you.
You barely miss the giant cockroach. The giant cockroach barely misses you.
You hit the giant cockroach.
The giant cockroach completely misses you.
You closely miss the giant cockroach.
The giant cockroach bites you but does no damage.
The giant cockroach closely misses you.
You hit the giant cockroach but do no damage.
The giant cockroach closely misses you.
You closely miss the giant cockroach.
The giant cockroach bites you but does no damage.
You hit the giant cockroach but do no damage.
The giant cockroach bites you.
You die...

#####
#.<.#
#P@P#
##B##
...
....#
......
+###+###


You could see a giant cockroach.

Vanquished Creatures
  A giant cockroach (D:1)
1 creature vanquished.

Notes
Turn   | Place    | Note
-------+----------+-------------------------------------------
     0 | D:1      | vurker the Demigod Air Elementalist began the quest for the
                  | Orb.
     0 | D:1      | Reached XP level 1. HP: 14/14 MP: 5/5
    34 | D:1      | Slain by a giant cockroach

Illustrated notes

Levels and vault maps discovered:
D:1:      dpeg_arrival_prison, layout_basic, serial_shops, shop_statue,
          minmay_shallow_snake_nest

Action                   || total
-------------------------++-------
Melee: Unarmed           ||    26
 Cast: Shock             ||     5
Armor: Robe              ||     6
Dodge: Dodged            ||    16

Table legend: (Time is in decaauts)
 A = Elapsed time spent in this place.
 B = Non-inter-level travel time spent in this place.
 C = Inter-level travel time spent in this place.
 D = Time resting spent in this place.
 E = Time spent auto-exploring this place.
 F = Levels seen in this place.
 G = Mean time per level.
                   A        B        C        D        E       F      G
               +--------+--------+--------+--------+--------+-----+--------+
         Total |     34 |     34 |      0 |      0 |      1 |   1 |   34.0 |
       Dungeon |     34 |     34 |      0 |      0 |      1 |   1 |   34.0 |
               +--------+--------+--------+--------+--------+-----+--------+

Top non-repeatable levels by time:
     D:1: 34 daAuts
